 Dungeon Crawl Stone Soup version 0.30.1-3-gfc49f6343a (webtiles) character file.

Game seed: 12059662105473233402

96 spardeous the Conjurer (level 4, -8/33 HPs)
             Began as a Demigod Conjurer on Aug 10, 2023.
             Mangled by an ogre
             ... wielding a +0 giant club
              (24 damage)
             ... on level 3 of the Dungeon.
             The game lasted 00:02:19 (2705 turns).

spardeous the Conjurer (Demigod Conjurer)           Turns: 2705, Time: 00:02:19

Health: -8/33      AC:  3    Str:  8    XL:     4   Next: 18%
Magic:  7/9        EV: 12    Int: 24    God:
Gold:   85         SH:  5    Dex: 12    Spells: 3/6 levels left

rFire   . . .        (no weapon)
rCold   x . .        (no shield)
rNeg    . . .        a - +0 robe
rPois   +            m - +0 helmet
rElec   +            (no cloak)
rCorr   .            (no gloves)
SInv    .            (no boots)
Will    .....        l - amulet of Myckamn {Reflect rElec rPois rC- SH+5}
Stlth   ++           (no ring)
HPRegen 0.25/turn    (no ring)
MPRegen 0.11/turn

%: reflection
@: no status effects
A: high MP 1, forlorn, divine attributes
a: no special abilities


You were on level 3 of the Dungeon.
You visited 1 branch of the dungeon, and saw 3 of its levels.

You collected 85 gold pieces.

Inventory:

Armour
 a - a +0 robe (worn)
 m - a +0 helmet (worn)
Jewellery
 h - an amulet of regeneration
 l - the amulet of Myckamn (around neck) {Reflect rElec rPois rC- SH+5}
   (You acquired it on level 2 of the Dungeon)

   [amulet of reflection]

   It reflects blocked missile attacks.
   rC:        It makes you vulnerable to cold.
   rElec:     It insulates you from electricity.
   rPois:     It protects you from poison.
   SH:        It affects your SH (+5).
Scrolls
 c - 2 scrolls of immolation {unknown}
 j - 3 scrolls of summoning
Potions
 b - a potion of magic
 d - 2 potions of heal wounds {unknown}
 e - a potion of resistance {unknown}
 f - a potion of flight
 g - 2 potions of curing {unknown}
 i - a potion of haste {unknown}
 k - a potion of lignification {unknown}


   Skills:
 - Level 1.7 Dodging
 - Level 1.7 Stealth
 - Level 1.7 Spellcasting
 + Level 5.4 Conjurations


You had 3 spell levels left.
You knew the following spells:

 Your Spells              Type           Power      Damage    Failure   Level
a - Magic Dart            Conj           100%       1d8       1%          1
b - Searing Ray           Conj           56%        2d6       1%          2

Your spell library contained the following spells:

 Spells                   Type           Power      Damage    Failure   Level
 Dazzling Flash           Conj/Hex       30%        N/A       12%         3
 Lesser Beckoning         Tloc           4%         N/A       19%         2
 Gell's Gravitas          Tloc           2%         N/A       36%         3
 Ignite Poison            Fire/Tmut/Pois 2%         N/A       36%         3
 Teleport Other           Tloc           2%         N/A       36%         3
 Fulminant Prism          Conj/Hex       7%         3d7       38%         4
 Iskenderun's Mystic Bla  Conj/Tloc      15%        2d5       38%         4
 Sticky Flame             Conj/Fire      15%        2d4       38%         4
 Ignition                 Fire           1%         3d3       100%        8


Dungeon Overview and Level Annotations

Branches:
Dungeon (3/15)


Innate Abilities, Weirdness & Mutations

You have an increased reservoir of magic. (+10% MP)
You shall have no god before yourself.
Your divine heritage dramatically boosts your attributes as you level up.


Message History

Aiming: Magic Dart (safe; 1% risk of failure)
Press: ? - help, Shift-Dir - straight line, f/p - adder
Aim: an adder (severely wounded, 100% to hit)
The magic dart hits the adder.
You kill the adder!
You feel sick.
You take 1 damage, and have 26/33 hp.
You now have 5/9 mp.
You feel sick.
You are no longer poisoned.
You take 1 damage, and have 25/33 hp.
There is a stone staircase leading up here.
You climb upwards.
There is a stone staircase leading down here.
Memorise Searing Ray, consuming 2 spell levels and leaving 3?
You start memorising the spell.
You continue memorising. x2
You finish memorising.
Spell assigned to 'b'.
You start resting.
HP restored.
Health restored: 33
Casting: Magic Dart (safe; 1% risk of failure)
Confirm with . or Enter, or press ? or * to list all spells.
You don't know that spell.
You start resting.
Magic restored.
MP restored: 9 You climb downwards.
The ogre hits you with a +0 giant club!!
Ouch! That really hurt!
There is a stone staircase leading up, spattered with blood here.
You take 18 damage, and have 15/33 hp.
MASSIVE DAMAGE!!
Casting: Magic Dart (safe; 1% risk of failure)
Confirm with . or Enter, or press ? or * to list all spells.
Aiming: Searing Ray (safe; 1% risk of failure)
Press: ? - help, Shift-Dir - straight line, f - ogre
Aim: an ogre, wielding a +0 giant club (90% to hit)
The searing ray hits the ogre!
The ogre is moderately wounded. (Press . to maintain the ray.)
The ogre hits you with a +0 giant club!!
Ouch! That really hurt!
You die...

... #..# #+#) #..# #
#.#. ..# #.##..O ..#
#...... #.#
###########... #.#
#.....O.....##
#######.###.#########.#
#......@O.....# #####'##
#.......###.#.###.......
#.......# #.#...........
#.......# #.###.........
#.......# #.# #.........
######### #.# #.........
#.# #.....#### #.#
#.....# #.....#


You could see an ogre.

Vanquished Creatures
  Robin (D:2)
  A gnoll (D:1)
  2 adders
  A worm (D:2)
  2 dart slugs (D:2)
  3 ball pythons
  An endoplasm (D:2)
  4 giant cockroaches (D:2)
  6 hobgoblins
  3 jackals (D:2)
  7 kobolds
  A bat (D:2)
  4 frilled lizards
  10 goblins
  2 rats (D:1)
48 creatures vanquished.

Notes
Turn   | Place    | Note
-------+----------+-------------------------------------------
     0 | D:1      | spardeous the Demigod Conjurer began the quest for the Orb.
     0 | D:1      | Reached XP level 1. HP: 14/14 MP: 5/5
   329 | D:1      | Reached skill level 4 in Conjurations
   419 | D:1      | Reached XP level 2. HP: 14/20 MP: 0/7
  1211 | D:2      | Reached XP level 3. HP: 26/26 MP: 0/8
  1992 | D:2      | Noticed Robin
  1998 | D:2      | Reached skill level 5 in Conjurations
  2288 | D:2      | Killed Robin
  2289 | D:2      | Reached XP level 4. HP: 33/33 MP: 0/9
  2550 | D:2      | Identified a scroll of acquirement
  2551 | D:2      | Acquired the amulet of Myckamn {Reflect rElec rPois rC-
                  | SH+5}
  2659 | D:3      | Noticed an ogre
  2691 | D:2      | Learned a level 2 spell: Searing Ray
  2705 | D:3      | Mangled by an ogre

Illustrated notes

Levels and vault maps discovered:
D:1:      scummos_arrival_star, layout_basic,
          shapermc_ecumenical_altar_starsandcircs
D:2:      layout_basic, uniq_robin
D:3:      layout_basic, ebering_ghost_disaster_area, minmay_misc_feat_ornament,
          item_on_display_a

Skill      XL: |  1  2  3 |
---------------+----------+-----
Conjurations   | 4 5 |  5.4
Dodging        | |  1.7
Stealth        | |  1.7
Spellcasting   | |  1.7

Action                     |  1- 3 |  4- 6 || total
---------------------------+-------+-------++-------
  Melee: Unarmed           |     3 |     5 ||     8
   Cast: Magic Dart        |    96 |    10 ||   106
         Searing Ray       |       |     1 ||     1
    Use: Scroll            |       |     4 ||     4
 Armour: Robe              |     7 |     2 ||     9
  Dodge: Dodged            |    21 |     8 ||    29
  Block: Other             |       |     2 ||     2
